[Event "FIDE Womens World Cup 2021"]
[Site "Sochi"]
[Date "2021.07.12"]
[Round "1.1"]
[White "Drastik, Penelope"]
[Black "Sebag, Marie"]
[Result "0-1"]
[ECO "D43"]
[WhiteElo "1835"]
[BlackElo "2438"]
[Annotator "NA"]
[PlyCount "86"]
[EventDate "2021.07.12"]
[EventType "k.o."]
[EventCountry "RUS"]
[SourceTitle "playchess.com"]
[Source "ChessBase"]
[SourceQuality "1"]
[TimeControl "40/5400+30:1800+30"]

1. d4 d5 2. c4 c6 3. Nf3 Nf6 4. Nc3 e6 5. Bg5 h6 6. Bh4 dxc4 7. e4 g5 8. Bg3 b5 9. e5 Nd5 10. Nd2 h5 11. h4 g4 12. Nde4 Nd7 13. Be2 Bb7 $11 14. Qd2 Nxc3 15. bxc3 c5 16. f3 cxd4 17. cxd4 Qb6 18. Rb1 O-O-O 19. Bxc4 b4 20. Nd6+ Bxd6 21. exd6 gxf3 22. gxf3 a5 23. a3 Rhg8 24. Kf2 Rxg3 25. Kxg3 Qxd6+ 26. Kf2 Nb6 27. Be2 Qxd4+ 28. Qxd4 Rxd4 29. Ke3 e5 30. Rhc1+ Kb8 31. axb4 axb4 32. Rc5 f6 33. Rg1 Nd5+ 34. Kf2 Nc3 35. Rg8+ Ka7 36. Rg7 Kb6 37. Rcc7 Bc6 38. Ke1 Rxh4 39. Ra7 Rh1+ 40. Kd2 Nxe2 41. Kxe2 b3 42. Ra3 Bb5+ 43. Ke3 b2 0-1

[Event "FIDE Womens World Cup 2021"]
[Site "Sochi"]
[Date "2021.07.13"]
[Round "1.2"]
[White "Sebag, Marie"]
[Black "Drastik, Penelope"]
[Result "1/2-1/2"]
[ECO "B52"]
[WhiteElo "2438"]
[BlackElo "1835"]
[Annotator "NA"]
[PlyCount "60"]
[EventDate "2021.07.12"]
[EventType "k.o."]
[EventCountry "RUS"]
[SourceTitle "playchess.com"]
[Source "ChessBase"]
[SourceQuality "1"]
[TimeControl "40/5400+30:1800+30"]

1. e4 c5 2. Nf3 d6 3. Bb5+ Bd7 4. Bxd7+ Qxd7 5. c4 Nf6 6. Nc3 g6 7. d4 cxd4 8. Nxd4 Bg7 9. f3 O-O 10. Be3 Rc8 11. b3 Nc6 12. O-O Rab8 13. Qd3 a6 14. Nxc6 Qxc6 15. Rac1 Nd7 16. Nd5 Kf8 17. a4 Nc5 18. Qc2 b6 19. Rfd1 Qa8 20. Nc3 a5 21. Nb5 Qb7 22. Rb1 Na6 23. Qf2 Rd8 24. Rd2 Rd7 25. Qh4 Kg8 26. Qf2 Qc6 27. Nd4 Qc7 28. Nb5 Qc6 29. Nd4 Qc7 30. Nb5 Qc6 1/2-1/2

[Event "FIDE Womens World Cup 2021"]
[Site "Sochi"]
[Date "2021.07.12"]
[Round "1.2"]
[White "Gunina, Valentina"]
[Black "February, Jesse Nikki"]
[Result "1-0"]
[ECO "E09"]
[WhiteElo "2437"]
[BlackElo "1863"]
[Annotator "ChessBase"]
[PlyCount "43"]
[EventDate "2021.07.12"]
[EventType "k.o."]
[EventCountry "RUS"]
[SourceTitle "playchess.com"]
[Source "ChessBase"]
[SourceQuality "1"]
[TimeControl "40/5400+30:1800+30"]

1. d4 Nf6 2. c4 e6 3. g3 d5 4. Nf3 Be7 5. Bg2 O-O 6. O-O c6 7. Nbd2 Nbd7 8. Qc2 Qc7 9. e4 dxe4 10. Nxe4 Nxe4 11. Qxe4 Nf6 12. Qe2 Rd8 13. Bf4 Bd6 14. Ne5 c5 15. dxc5 Qxc5 16. Rad1 Rb8 17. Rd2 b6 18. Nc6 e5 19. Be3 Bg4 20. Bxc5 Bxe2 21. Bxd6 Bxf1 22. Kxf1 1-0

[Event "FIDE Womens World Cup 2021"]
[Site "Sochi"]
[Date "2021.07.13"]
[Round "1.2"]
[White "Yip, Carissa"]
[Black "Sultana, Sharmin Shirin"]
[Result "1-0"]
[ECO "A05"]
[WhiteElo "2430"]
[BlackElo "2011"]
[Annotator "NA"]
[PlyCount "89"]
[EventDate "2021.07.12"]
[EventType "k.o."]
[EventCountry "RUS"]
[SourceTitle "playchess.com"]
[Source "ChessBase"]
[SourceQuality "1"]
[TimeControl "40/5400+30:1800+30"]

1. Nf3 Nf6 2. g3 d5 3. Bg2 Bf5 4. O-O c6 5. b3 Nbd7 6. Bb2 h6 7. c4 e6 8. d4 Be7 9. Nc3 O-O 10. Nd2 Qa5 11. e4 dxe4 12. Ncxe4 Rad8 13. a3 e5 14. b4 Qc7 15. Qf3 Bg4 16. Qb3 exd4 17. Bxd4 a5 18. Rfe1 Rfe8 19. Qb2 Bf5 20. Rad1 axb4 21. axb4 Bg4 22. Ra1 Ra8 23. b5 c5 24. Bc3 Be6 25. f4 Red8 26. Nf2 Bf8 27. Qc2 Rxa1 28. Rxa1 g6 29. Ra7 Rb8 30. Nfe4 Ng4 31. Bb2 Bg7 32. Bxg7 Kxg7 33. Qc3+ Ngf6 34. Nxf6 Nxf6 35. Ne4 Qd8 36. b6 Qd4+ 37. Qxd4 cxd4 38. Nxf6 Kxf6 39. c5 Rd8 40. Bxb7 d3 41. Bf3 d2 42. Ra1 Bb3 43. b7 Ke6 44. c6 Kd6 45. Ra8 1-0

[Event "FIDE Womens World Cup 2021"]
[Site "Sochi"]
[Date "2021.07.13"]
[Round "1.2"]
[White "Ushenina, Anna"]
[Black "Moaataz, Ayah"]
[Result "1-0"]
[ECO "D35"]
[WhiteElo "2429"]
[BlackElo "2015"]
[Annotator "NA"]
[PlyCount "83"]
[EventDate "2021.07.12"]
[EventType "k.o."]
[EventCountry "RUS"]
[SourceTitle "playchess.com"]
[Source "ChessBase"]
[SourceQuality "1"]
[TimeControl "40/5400+30:1800+30"]

1. d4 d5 2. c4 e6 3. Nc3 Nf6 4. cxd5 exd5 5. Bg5 Be7 6. e3 c6 7. Bd3 Nbd7 8. Nge2 a5 9. Qc2 O-O 10. O-O Re8 11. f3 Nf8 12. Rad1 h6 13. Bh4 Ne6 14. Kh1 b5 15. Bf2 Ba6 16. e4 b4 17. Na4 Bxd3 18. Qxd3 dxe4 19. fxe4 Qb8 20. Qc2 Qb5 21. Ng3 Ng5 22. b3 Bf8 23. e5 Nd5 24. Bg1 Rac8 25. Qf5 Qb7 26. Rd2 Rcd8 27. Rc2 Rc8 28. Qg4 Red8 29. h4 Ne6 30. Ne4 Kh8 31. Rf3 Rd7 32. Rg3 g6 33. h5 g5 34. Rf3 Qc7 35. Rc1 Qd8 36. Nb2 Nef4 37. Nc4 Kg8 38. Rxf4 Nxf4 39. Qxd7 Nxh5 40. Qxd8 Rxd8 41. Rc2 Rd5 42. g4 1-0

[Event "FIDE Womens World Cup 2021"]
[Site "Sochi"]
[Date "2021.07.13"]
[Round "1.2"]
[White "Matnadze, Ana"]
[Black "Azhar, Puteri Munajjah Az-Z"]
[Result "1-0"]
[ECO "A46"]
[WhiteElo "2421"]
[BlackElo "2046"]
[Annotator "NA"]
[PlyCount "95"]
[EventDate "2021.07.12"]
[EventType "k.o."]
[EventCountry "RUS"]
[SourceTitle "playchess.com"]
[Source "ChessBase"]
[SourceQuality "1"]
[TimeControl "40/5400+30:1800+30"]

1. d4 Nf6 2. Nf3 e6 3. c4 d5 4. g3 Bb4+ 5. Bd2 a5 6. Bg2 O-O 7. O-O Bxd2 8. Nbxd2 b6 9. Ne5 Bb7 10. Rc1 Na6 11. Qa4 Qd6 12. Rfd1 Ne4 13. cxd5 exd5 14. a3 Rfe8 15. Qc2 f6 16. Nxe4 dxe4 17. Nc6 Qd5 18. Qc4 Bxc6 19. Qxc6 Rad8 20. Qxd5+ Rxd5 21. e3 Re6 22. Bf1 b5 23. a4 c6 24. Ra1 Nb4 25. axb5 cxb5 26. Rxa5 Rc6 27. Rxb5 Rxb5 28. Bxb5 Rb6 29. Bc4+ Kf8 30. Ra1 Rb7 31. b3 Ke7 32. Kf1 Kd6 33. Ke2 Nc6 34. Kd2 h5 35. Ra6 Ra7 36. Rxa7 Nxa7 37. Bf7 h4 38. gxh4 Nb5 39. Bc4 Na7 40. Kc3 Nc8 41. h5 Ne7 42. b4 Kc6 43. Bf7 Nf5 44. d5+ Kb6 45. Bg6 Nd6 46. Kd4 Kb5 47. Bxe4 Kxb4 48. Bd3 1-0

[Event "FIDE Womens World Cup 2021"]
[Site "Sochi"]
[Date "2021.07.13"]
[Round "1.2"]
[White "Osmak, Iulija"]
[Black "Mezioud, Amina"]
[Result "1/2-1/2"]
[ECO "E32"]
[WhiteElo "2418"]
[BlackElo "2071"]
[Annotator "NA"]
[PlyCount "77"]
[EventDate "2021.07.12"]
[EventType "k.o."]
[EventCountry "RUS"]
[SourceTitle "playchess.com"]
[Source "ChessBase"]
[SourceQuality "1"]
[TimeControl "40/5400+30:1800+30"]

1. d4 Nf6 2. c4 e6 3. Nc3 Bb4 4. Qc2 b6 5. e4 Bb7 6. Bd3 c5 7. d5 Bxc3+ 8. Qxc3 d6 9. Ne2 e5 10. Ng3 O-O 11. h4 Re8 12. Bg5 Bc8 13. Bc2 Kh8 14. Qf3 a6 15. a4 Rg8 16. Ra3 Ra7 17. Qe2 Rb7 18. Bd3 Qf8 19. h5 h6 20. Bd2 Bg4 21. f3 Bd7 22. Nf1 Nh7 23. Ne3 Qe8 24. b3 f6 25. g3 Ng5 26. Ng2 b5 27. axb5 axb5 28. f4 bxc4 29. bxc4 Nf7 30. Nh4 Rb6 31. Ba5 Rb7 32. Bc3 Kh7 33. Kf2 Qc8 34. Qc2 Rb6 35. Ba5 Rb7 36. Bd2 Rb6 37. Ba5 Rb7 38. Bd2 Rb6 39. Ba5 1/2-1/2

[Event "FIDE Womens World Cup 2021"]
[Site "Sochi"]
[Date "2021.07.13"]
[Round "1.2"]
[White "Guichard, Pauline"]
[Black "Varela La Madrid, Tilsia Carolina"]
[Result "1-0"]
[ECO "D41"]
[WhiteElo "2413"]
[BlackElo "2072"]
[Annotator "NA"]
[PlyCount "77"]
[EventDate "2021.07.12"]
[EventType "k.o."]
[EventCountry "RUS"]
[SourceTitle "playchess.com"]
[Source "ChessBase"]
[SourceQuality "1"]
[TimeControl "40/5400+30:1800+30"]

1. d4 d5 2. c4 e6 3. Nf3 Nf6 4. Nc3 c5 5. cxd5 Nxd5 6. e4 Nxc3 7. bxc3 cxd4 8. cxd4 Bb4+ 9. Bd2 Bxd2+ 10. Qxd2 O-O 11. Bc4 Nd7 12. O-O b6 13. e5 Bb7 14. Qf4 Qe7 15. Bd3 h6 16. Rfe1 Rfc8 17. Re3 Rc7 18. h4 Rac8 19. Nd2 Rc1+ 20. Rxc1 Rxc1+ 21. Kh2 Rc8 22. Rg3 Kh8 23. Nc4 Bd5 24. Nd6 Rf8 25. Bb1 f6 26. Qe3 fxe5 27. dxe5 Qxh4+ 28. Kg1 Nc5 29. Qd2 Qe7 30. f4 Nb7 31. Qd3 g5 32. fxg5 Nxd6 33. exd6 Qf7 34. gxh6 e5 35. d7 Qf2+ 36. Kh2 Qf7 37. Rf3 Bxf3 38. d8=Q Qf4+ 39. g3 1-0

[Event "FIDE Womens World Cup 2021"]
[Site "Sochi"]
[Date "2021.07.13"]
[Round "1.2"]
[White "Sukandar, Irine Kharisma"]
[Black "Gomez Barrera, Javiera Belen"]
[Result "1/2-1/2"]
[ECO "C54"]
[WhiteElo "2413"]
[BlackElo "2083"]
[Annotator "NA"]
[PlyCount "129"]
[EventDate "2021.07.12"]
[EventType "k.o."]
[EventCountry "RUS"]
[SourceTitle "playchess.com"]
[Source "ChessBase"]
[SourceQuality "1"]
[TimeControl "40/5400+30:1800+30"]

1. e4 e5 2. Nf3 Nc6 3. Bc4 Bc5 4. c3 Nf6 5. d3 d6 6. O-O O-O 7. Re1 a5 8. h3 Ba7 9. Nbd2 Ne7 10. Nf1 Ng6 11. Ng3 c6 12. Bb3 d5 13. Bg5 h6 14. Bxf6 Qxf6 15. exd5 Nh4 16. Re4 Nxf3+ 17. Qxf3 Qxf3 18. gxf3 a4 19. Rxa4 cxd5 20. Kg2 Rd8 21. Re1 f6 22. Ra5 Be6 23. d4 Bf7 24. dxe5 fxe5 25. Rxe5 d4 26. Bxf7+ Kxf7 27. cxd4 Bxd4 28. Rf5+ Kg6 29. b3 Bc3 30. Rxa8 Rxa8 31. Rb5 Rxa2 32. Rb6+ Bf6 33. Ne4 Kf5 34. Nxf6 gxf6 35. Rxb7 Ra1 36. Rb5+ Kf4 37. Rb4+ Kf5 38. f4 Rd1 39. Kg3 h5 40. Rb5+ Ke4 41. Kg2 Rd3 42. b4 f5 43. Rb8 Rb3 44. Rh8 Rxb4 45. Rxh5 Rb3 46. Rg5 Kxf4 47. Rg3 Rb6 48. Rf3+ Kg5 49. Kg3 Rh6 50. Rb3 f4+ 51. Kg2 Kf5 52. Rb8 Rh7 53. Rb5+ Ke4 54. f3+ Ke3 55. Re5+ Kd3 56. Re4 Rh4 57. Kf2 Kd2 58. Rd4+ Kc3 59. Ra4 Kd3 60. Kg2 Ke3 61. Re4+ Kd3 62. Re5 Kd4 63. Rg5 Ke3 64. Re5+ Kd4 65. Rg5 1/2-1/2

[Event "FIDE Womens World Cup 2021"]
[Site "Sochi"]
[Date "2021.07.13"]
[Round "1.2"]
[White "Danielian, Elina"]
[Black "Vargas, Gabriela"]
[Result "1-0"]
[ECO "A07"]
[WhiteElo "2407"]
[BlackElo "2170"]
[Annotator "NA"]
[PlyCount "112"]
[EventDate "2021.07.12"]
[EventType "k.o."]
[EventCountry "RUS"]
[SourceTitle "playchess.com"]
[Source "ChessBase"]
[SourceQuality "1"]
[TimeControl "40/5400+30:1800+30"]

1. Nf3 d5 2. g3 c6 3. Bg2 Nf6 4. O-O Bg4 5. c4 e6 6. cxd5 exd5 7. Qb3 Qb6 8. Qc2 Nbd7 9. d3 Be7 10. Nc3 O-O 11. e4 Bxf3 12. Bxf3 d4 13. Ne2 Ne5 14. Bg2 Qa6 15. Nxd4 Qxd3 16. Qxd3 Nxd3 17. Rd1 Nxc1 18. Raxc1 Rfd8 19. h3 g6 20. Kf1 Nh5 21. e5 Ng7 22. h4 f6 23. Nf3 Rxd1+ 24. Rxd1 Rd8 25. Rxd8+ Bxd8 26. b3 fxe5 27. Nxe5 Ne6 28. Ke2 Bc7 29. Nf3 Nc5 30. Nd4 Be5 31. Nc2 a5 32. Ke3 Bc3 33. Bf1 Kg7 34. Be2 Kf6 35. g4 h6 36. f4 Bb2 37. g5+ hxg5 38. hxg5+ Ke7 39. Kf3 Ne6 40. Bd3 Bc1 41. Ne3 Kf7 42. Ng2 Bd2 43. Bc4 b5 44. Bxe6+ Kxe6 45. Nh4 Kf7 46. Ke4 Be1 47. Nf3 Bc3 48. Ne5+ Bxe5 49. Kxe5 Ke7 50. f5 gxf5 51. Kxf5 c5 52. Ke5 c4 53. bxc4 b4 54. Kd4 a4 55. c5 b3 56. axb3 a3 1-0

[Event "FIDE Womens World Cup 2021"]
[Site "Sochi"]
[Date "2021.07.13"]
[Round "1.2"]
[White "Unuk, Laura"]
[Black "Wafa, Shrook"]
[Result "1-0"]
[ECO "E10"]
[WhiteElo "2407"]
[BlackElo "2182"]
[Annotator "NA"]
[PlyCount "65"]
[EventDate "2021.07.12"]
[EventType "k.o."]
[EventCountry "RUS"]
[SourceTitle "playchess.com"]
[Source "ChessBase"]
[SourceQuality "1"]
[TimeControl "40/5400+30:1800+30"]

1. d4 Nf6 2. c4 e6 3. Nf3 c5 4. d5 b5 5. e4 Nxe4 6. Bd3 Nf6 7. O-O bxc4 8. Bxc4 Ba6 9. Bxa6 Nxa6 10. Nc3 Nb4 11. Re1 Be7 12. d6 Bf8 13. a3 Nc6 14. Nb5 Rc8 15. Bf4 h6 16. Nc7+ Rxc7 17. dxc7 Qc8 18. Bd6 Be7 19. Rc1 O-O 20. Bxe7 Nxe7 21. Qd6 Nc6 22. Red1 Na5 23. Qxc5 Nb3 24. Qxa7 Nxc1 25. Rxc1 d5 26. b4 e5 27. Nxe5 Re8 28. Nc6 Kh7 29. h3 Ne4 30. Qb6 Qe6 31. Qd4 Nd6 32. b5 Nc4 33. Na7 1-0

[Event "FIDE Womens World Cup 2021"]
[Site "Sochi"]
[Date "2021.07.13"]
[Round "1.2"]
[White "Socko, Monika"]
[Black "Castrillon Gomez, Melissa"]
[Result "1-0"]
[ECO "C54"]
[WhiteElo "2393"]
[BlackElo "2201"]
[Annotator "NA"]
[PlyCount "75"]
[EventDate "2021.07.12"]
[EventType "k.o."]
[EventCountry "RUS"]
[SourceTitle "playchess.com"]
[Source "ChessBase"]
[SourceQuality "1"]
[TimeControl "40/5400+30:1800+30"]

1. e4 e5 2. Nf3 Nc6 3. Bc4 Bc5 4. c3 Nf6 5. d3 a6 6. a4 d6 7. O-O Ba7 8. Re1 h6 9. Nbd2 O-O 10. Nf1 Nh5 11. d4 Qf6 12. Be3 Nf4 13. Bxf4 Qxf4 14. Ne3 Ne7 15. Qd3 c6 16. dxe5 dxe5 17. Qd6 Bxe3 18. Rxe3 Nf5 19. exf5 Qxc4 20. Nxe5 Qh4 21. Nf3 Qg4 22. f6 Bf5 23. h3 Qg6 24. Nh4 Qg5 25. Nxf5 Qxf5 26. fxg7 Kxg7 27. Rae1 Rad8 28. Qb4 b5 29. Rf3 Qc2 30. Qg4+ Qg6 31. Qf4 Rd5 32. Re5 Rxe5 33. Qxe5+ Kh7 34. Rf6 Qg7 35. Qe4+ Kh8 36. Qxc6 Kh7 37. Qe4+ Kh8 38. Qf4 1-0

[Event "FIDE Womens World Cup 2021"]
[Site "Sochi"]
[Date "2021.07.13"]
[Round "1.2"]
[White "Garifullina, Leya"]
[Black "Corrales Jimenez, Zenia"]
[Result "1-0"]
[ECO "B31"]
[WhiteElo "2390"]
[BlackElo "2191"]
[Annotator "NA"]
[PlyCount "77"]
[EventDate "2021.07.12"]
[EventType "k.o."]
[EventCountry "RUS"]
[SourceTitle "playchess.com"]
[Source "ChessBase"]
[SourceQuality "1"]
[TimeControl "40/5400+30:1800+30"]

1. e4 c5 2. Nf3 Nc6 3. Bb5 g6 4. Bxc6 dxc6 5. d3 Bg7 6. h3 Nf6 7. Nc3 Nd7 8. Be3 e5 9. Qd2 h6 10. O-O b6 11. Nh2 Nf8 12. f4 exf4 13. Bxf4 Ne6 14. Bg3 Nd4 15. Rae1 Qe7 16. Nd5 cxd5 17. exd5 Ne6 18. Ng4 Qg5 19. Qxg5 hxg5 20. Be5 Bxe5 21. Nxe5 Rh7 22. dxe6 Bxe6 23. Nxf7 Rxf7 24. Rxe6+ Re7 25. Rxg6 Kd7 26. Rxg5 Kc6 27. h4 Kb5 28. h5 Rh8 29. g4 Re2 30. Rf2 Re1+ 31. Kg2 a5 32. Rg6 a4 33. a3 Ka5 34. h6 Rb1 35. c4 b5 36. g5 bxc4 37. dxc4 Rb8 38. Rgf6 Rg8 39. R6f5 1-0

[Event "FIDE Womens World Cup 2021"]
[Site "Sochi"]
[Date "2021.07.13"]
[Round "1.2"]
[White "Assaubayeva, Bibisara"]
[Black "Miranda Llanes, Yerisbel"]
[Result "1/2-1/2"]
[ECO "D38"]
[WhiteElo "2389"]
[BlackElo "2262"]
[Annotator "NA"]
[PlyCount "84"]
[EventDate "2021.07.12"]
[EventType "k.o."]
[EventCountry "RUS"]
[SourceTitle "playchess.com"]
[Source "ChessBase"]
[SourceQuality "1"]
[TimeControl "40/5400+30:1800+30"]

1. d4 Nf6 2. c4 e6 3. Nf3 d5 4. Nc3 Bb4 5. Qb3 c5 6. dxc5 Nc6 7. Bg5 h6 8. Bxf6 Qxf6 9. e3 O-O 10. cxd5 exd5 11. Bb5 Bxc3+ 12. Qxc3 Qxc3+ 13. bxc3 Na5 14. Nd4 a6 15. Ba4 Be6 16. Rb1 Rfc8 17. Nxe6 fxe6 18. Bd7 Rxc5 19. Bxe6+ Kf8 20. Rd1 Rxc3 21. Bxd5 Rac8 22. O-O Ke7 23. Rd4 Rc1 24. g3 b5 25. a4 Rxf1+ 26. Kxf1 Rc1+ 27. Ke2 Kd6 28. axb5 axb5 29. Kd2 Ra1 30. Kc3 Kc5 31. Be6 Rc1+ 32. Kb2 Rf1 33. Rd2 Kb4 34. Re2 Nc4+ 35. Bxc4 bxc4 36. e4 c3+ 37. Kc2 Ra1 38. e5 Ra2+ 39. Kd3 Ra7 40. Kc2 Ra2+ 41. Kd3 Ra7 42. Kc2 Ra2+ 1/2-1/2

[Event "FIDE Womens World Cup 2021"]
[Site "Sochi"]
[Date "2021.07.13"]
[Round "1.2"]
[White "Tsolakidou, Stavroula"]
[Black "Ryjanova, Julia"]
[Result "1-0"]
[ECO "A62"]
[WhiteElo "2389"]
[BlackElo "2299"]
[Annotator "NA"]
[PlyCount "105"]
[EventDate "2021.07.12"]
[EventType "k.o."]
[EventCountry "RUS"]
[SourceTitle "playchess.com"]
[Source "ChessBase"]
[SourceQuality "1"]
[TimeControl "40/5400+30:1800+30"]

1. d4 Nf6 2. c4 e6 3. g3 c5 4. d5 exd5 5. cxd5 d6 6. Nc3 g6 7. Bg2 Bg7 8. Nf3 O-O 9. O-O Re8 10. Re1 a6 11. a4 Nbd7 12. Bf4 Ng4 13. Rb1 Nde5 14. Ne4 h6 15. Nxe5 Nxe5 16. b4 c4 17. Qc1 f5 18. Nc3 g5 19. Bd2 Qf6 20. b5 axb5 21. Rxb5 Nd7 22. Rb4 Nc5 23. Rxc4 Bd7 24. Qc2 Rec8 25. Rc1 Qe7 26. Qb1 Rf8 27. Be3 b6 28. Bd4 Bxd4 29. Rxd4 Bxa4 30. Nxa4 Nxa4 31. e3 Nc5 32. Rb4 Nd7 33. Rc7 Qd8 34. Rc1 Qf6 35. f4 Rfc8 36. Rf1 g4 37. e4 fxe4 38. Rxe4 Nc5 39. Rb4 Nd7 40. Re4 Nc5 41. Rb4 Re8 42. Qd1 h5 43. Qd2 Nd7 44. Rbb1 Re7 45. Rfe1 Rae8 46. Re6 Rxe6 47. dxe6 Nc5 48. Qxd6 Rxe6 49. Qd5 Kf8 50. Qxh5 Qd4+ 51. Kh1 Nd3 52. Bd5 Re2 53. Qf7# 1-0

[Event "FIDE Womens World Cup 2021"]
[Site "Sochi"]
[Date "2021.07.13"]
[Round "1.2"]
[White "Mammadova, Gulnar"]
[Black "Narva, Mai"]
[Result "0-1"]
[ECO "B06"]
[WhiteElo "2385"]
[BlackElo "2276"]
[Annotator "NA"]
[PlyCount "76"]
[EventDate "2021.07.12"]
[EventType "k.o."]
[EventCountry "RUS"]
[SourceTitle "playchess.com"]
[Source "ChessBase"]
[SourceQuality "1"]
[TimeControl "40/5400+30:1800+30"]

1. d4 g6 2. e4 Bg7 3. Nc3 c6 4. Nf3 d5 5. h3 Nf6 6. e5 Ne4 7. Bd3 Nxc3 8. bxc3 c5 9. a4 c4 10. Be2 Qa5 11. O-O Nd7 12. Qd2 Nb6 13. Ba3 Nxa4 14. Bb4 Qb5 15. Qg5 O-O 16. Qd2 Re8 17. Nh2 Qc6 18. f4 a5 19. Ba3 b5 20. Bg4 f5 21. exf6 exf6 22. f5 h5 23. fxg6 hxg4 24. hxg4 Rb8 25. Qf4 Rb7 26. Qg3 b4 27. cxb4 axb4 28. Bc1 b3 29. Ba3 b2 30. Rab1 Qb6 31. Nf3 Bf8 32. Bxf8 Rxf8 33. Qh4 Nc3 34. Kf2 Ne4+ 35. Ke2 Qc7 36. Ne5 Qg7 37. Nf7 Qxg6 38. Nh8 Qxg4+ 0-1

[Event "FIDE Womens World Cup 2021"]
[Site "Sochi"]
[Date "2021.07.13"]
[Round "1.2"]
[White "Ordaz Valdes, Lisandra Teresa"]
[Black "Mamedjarova, Turkan"]
[Result "1-0"]
[ECO "D06"]
[WhiteElo "2369"]
[BlackElo "2309"]
[Annotator "NA"]
[PlyCount "41"]
[EventDate "2021.07.12"]
[EventType "k.o."]
[EventCountry "RUS"]
[SourceTitle "playchess.com"]
[Source "ChessBase"]
[SourceQuality "1"]
[TimeControl "40/5400+30:1800+30"]

1. d4 d5 2. c4 c5 3. cxd5 Qxd5 4. Nf3 cxd4 5. Nc3 Qa5 6. Nxd4 e5 7. Ndb5 Bd7 8. e4 Nf6 9. Bd2 Na6 10. Rc1 Bc6 11. Bc4 Be7 12. O-O O-O 13. Qe2 Qd8 14. Rfd1 Nd7 15. Qg4 Kh8 16. Be3 Bc5 17. Bxc5 Naxc5 18. Nd6 Qf6 19. b4 b5 20. Bxb5 Bxb5 21. Ndxb5 1-0

[Event "FIDE Womens World Cup 2021"]
[Site "Sochi"]
[Date "2021.07.13"]
[Round "1.2"]
[White "Yildiz Kadioglu, Betul Cemre"]
[Black "Alinasab, Mobina"]
[Result "1/2-1/2"]
[ECO "A40"]
[WhiteElo "2362"]
[BlackElo "2317"]
[Annotator "NA"]
[PlyCount "236"]
[EventDate "2021.07.12"]
[EventType "k.o."]
[EventCountry "RUS"]
[SourceTitle "playchess.com"]
[Source "ChessBase"]
[SourceQuality "1"]
[TimeControl "40/5400+30:1800+30"]

1. d4 e6 2. c4 b6 3. Nc3 Bb7 4. a3 Nf6 5. Bf4 a6 6. e3 d6 7. Nf3 Nbd7 8. Be2 g6 9. h3 Bg7 10. Bh2 O-O 11. O-O Qe7 12. Ne1 e5 13. d5 Ne8 14. e4 f5 15. exf5 gxf5 16. f4 Kh8 17. Nc2 Nc5 18. Ne3 Bh6 19. Qc2 Ng7 20. Bd3 Nxd3 21. Qxd3 e4 22. Qd4 c5 23. dxc6 Bxc6 24. Qxb6 Rfc8 25. Qd4 Kg8 26. Ncd5 Qa7 27. Qxa7 Rxa7 28. Rad1 Kf7 29. Nc3 Ke6 30. Ne2 Ba4 31. b3 Bd7 32. Nd4+ Kf7 33. g4 fxg4 34. hxg4 Ne8 35. Ndf5 Bf8 36. Ng3 Nf6 37. g5 Ng4 38. Nef5 d5 39. Rxd5 Bc5+ 40. Kg2 Bxa3 41. Bg1 e3 42. Nd6+ Bxd6 43. Rxd6 Rb7 44. Rd3 h5 45. gxh6 Bc6+ 46. Kh3 Nxh6 47. Rd6 Ng8 48. Bxe3 Nf6 49. Nf5 Rh8+ 50. Kg3 Ne4+ 51. Kg4 Bd7 52. Rxd7+ Rxd7 53. Ra1 Nf6+ 54. Kf3 Rh3+ 55. Kg2 Rh5 56. Ng3 Rh4 57. Nf5 Rh5 58. Ng3 Rh4 59. Nf5 Rh8 60. Rxa6 Rd3 61. Rxf6+ Kxf6 62. Bd4+ Kxf5 63. Bxh8 Kxf4 64. c5 Rxb3 65. Bd4 Rd3 66. Bg1 Rc3 67. c6 Rxc6 68. Bh2+ Kg4 69. Bg1 Rc2+ 70. Kh1 Kg3 71. Bb6 Rc6 72. Bd4 Re6 73. Ba7 Rh6+ 74. Kg1 Rh8 75. Bd4 Re8 76. Kh1 Kf3 77. Bg1 Rg8 78. Bd4 Rg5 79. Bg1 Ke2 80. Bh2 Kf2 81. Bc7 Rb5 82. Bd6 Rd5 83. Bc7 Rd1+ 84. Kh2 Rd7 85. Bb6+ Kf3 86. Bc5 Rc7 87. Bd4 Rc4 88. Bb6 Rh4+ 89. Kg1 Rh8 90. Bc5 Rh6 91. Bd4 Re6 92. Ba7 Rh6 93. Bd4 Kg3 94. Be5+ Kh3 95. Kf2 Rh5 96. Bd4 Rf5+ 97. Ke3 Kg3 98. Ke4 Rf8 99. Be5+ Kg4 100. Bd6 Re8+ 101. Be5 Re7 102. Kd5 Kf5 103. Bd6 Rd7 104. Kc6 Ke6 105. Bc5 Rd2 106. Bb6 Rc2+ 107. Kb7 Kd7 108. Bd4 Rc4 109. Bf2 Rb4+ 110. Ka8 Kc7 111. Bg3+ Kb6 112. Bf2+ Ka6 113. Ba7 Rb7 114. Bb8 Kb6 115. Bg3 Ra7+ 116. Kb8 Rf7 117. Ka8 Rf3 118. Be5 Rd3 1/2-1/2

[Event "FIDE Womens World Cup 2021"]
[Site "Sochi"]
[Date "2021.07.13"]
[Round "1.2"]
[White "Peng, Zhaoqin"]
[Black "Afonasieva, Anna"]
[Result "1-0"]
[ECO "A04"]
[WhiteElo "2358"]
[BlackElo "2243"]
[Annotator "NA"]
[PlyCount "127"]
[EventDate "2021.07.12"]
[EventType "k.o."]
[EventCountry "RUS"]
[SourceTitle "playchess.com"]
[Source "ChessBase"]
[SourceQuality "1"]
[TimeControl "40/5400+30:1800+30"]

1. Nf3 f5 2. d4 Nf6 3. e3 g6 4. Bd3 Bg7 5. Nbd2 d6 6. e4 fxe4 7. Nxe4 O-O 8. O-O Nxe4 9. Bxe4 d5 10. Bd3 c5 11. dxc5 e5 12. Be2 Nc6 13. c3 Be6 14. Bg5 Qd7 15. Qd2 Bg4 16. Rad1 d4 17. Ne1 Bxe2 18. Qxe2 Qd5 19. Qd2 Qxc5 20. cxd4 exd4 21. Bh6 Bxh6 22. Qxh6 Rf5 23. Nd3 Qd5 24. b3 Raf8 25. Rfe1 Rg5 26. Qh3 Kg7 27. f4 Rgf5 28. Qg4 Qd6 29. Qe2 R8f7 30. Qb2 Rd5 31. g3 Re7 32. b4 Rc7 33. Nc5 Rxc5 34. bxc5 Qxc5 35. Rc1 Qd6 36. Re4 Rd7 37. Rd1 Qd5 38. Re8 b5 39. Qb3 a5 40. Rc8 Ne7 41. Qxd5 Rxd5 42. Rc7 Kf6 43. g4 Rd6 44. g5+ Kf7 45. Kf2 b4 46. Ra7 d3 47. Re1 Re6 48. Rxa5 d2 49. Rd1 Rd6 50. Re5 Nf5 51. Re2 Rd4 52. Rdxd2 Rxf4+ 53. Ke1 Rg4 54. Rd7+ Kf8 55. Rc2 Re4+ 56. Kd2 Ne7 57. Kd3 Re1 58. Rcc7 Rd1+ 59. Kc2 Re1 60. Kb3 Rb1+ 61. Ka4 Re1 62. Rxe7 Rxe7 63. Rxe7 Kxe7 64. Kxb4 1-0

[Event "FIDE Womens World Cup 2021"]
[Site "Sochi"]
[Date "2021.07.13"]
[Round "1.2"]
[White "Gaponenko, Inna"]
[Black "Majdan, Joanna"]
[Result "1/2-1/2"]
[ECO "B48"]
[WhiteElo "2357"]
[BlackElo "2339"]
[Annotator "NA"]
[PlyCount "57"]
[EventDate "2021.07.12"]
[EventType "k.o."]
[EventCountry "RUS"]
[SourceTitle "playchess.com"]
[Source "ChessBase"]
[SourceQuality "1"]
[TimeControl "40/5400+30:1800+30"]

1. e4 c5 2. Nf3 Nc6 3. d4 cxd4 4. Nxd4 e6 5. Nc3 Qc7 6. Be3 a6 7. Qd2 Nf6 8. O-O-O Bb4 9. f3 Na5 10. a3 Be7 11. e5 Nd5 12. Nxd5 exd5 13. Bg5 Bf8 14. Kb1 d6 15. exd6 Bxd6 16. Re1+ Kf8 17. Qe3 Bd7 18. Be7+ Kg8 19. Bxd6 Qxd6 20. Qe7 Qxe7 21. Rxe7 Rd8 22. Bd3 g6 23. Rhe1 Nc4 24. Nb3 Bc8 25. Nc5 Nd6 26. R7e5 Nc4 27. Re7 Nd6 28. R7e5 Nc4 29. Re7 1/2-1/2